 Dungeon Crawl Stone Soup version 0.18-a0-1559-g283e520 (webtiles) character file.

216315 Svalin the Impaler (level 19, -13/157 HPs)
             Began as a Formicid Fighter on Mar 11, 2016.
             Was a High Priest of Nemelex Xobeh.
             Killed by the raging water
             ... invoked by a water nymph
              (37 damage)
             ... on level 4 of the Shoals on Mar 12, 2016.
             The game lasted 03:21:12 (53799 turns).

Svalin the Impaler (Formicid Fighter)              Turns: 53799, Time: 03:21:12

Health: -13/157    AC: 23    Str: 27    XL:     19   Next: 78%
Magic:  30/30      EV: 12    Int:  4    God:    Nemelex Xobeh [*****.]
Gold:   943        SH: 29    Dex: 22    Spells: 0 memorised, 18 levels left

rFire  . . .     SeeInvis +     o - +4 bardiche (freeze)
rCold  . . .     Gourm    .     V - +2 plate armour of Seuvid {rPois Dex+6}
rNeg   + . .     Faith    .     E - +1 large shield
rPois  +         Spirit   .     (helmet unavailable)
rElec  .         Dismiss  .     H - +2 cloak
rCorr  .         Reflect  +     z - +0 pair of gloves
SustAt .         Harm     .     (no boots)
MR     ++++.                    m - +5 amulet of reflection
Stlth  ..........               C - ring of Tuloeh {rN+ MR++ Str+4 Int-4 SInv}
                                t - ring of protection from magic

@: lethally poisoned (-13 -> -20), incredibly resistant to hostile enchantments,
extremely unstealthy
A: permanent stasis, dig shafts and tunnels, four strong arms, antennae 3
a: Dig, Shaft Self, Triple Draw, Deal Four, Stack Five, Renounce Religion
}: 1/15 runes: gossamer


You were on level 4 of the Shoals.
You worshipped Nemelex Xobeh.
Nemelex Xobeh was extremely pleased with you.
You were not hungry.

You visited 5 branches of the dungeon, and saw 33 of its levels.
You also visited: Ice Cave and Volcano.

You collected 3195 gold pieces.
You spent 2252 gold pieces at shops.

Inventory:

Hand Weapons
 e - a +0 demon trident of venom
 o - a +4 bardiche of freezing (weapon)
Armour
 z - a +0 pair of gloves (worn)
 E - a +1 large shield (worn)
 F - a +6 plate armour of fire resistance
 H - a +2 cloak (worn)
 V - the +2 plate armour of Seuvid (worn) {rPois Dex+6}
   (You bought it in a shop on level 11 of the Dungeon)

   It affects your dexterity (+6).
   It protects you from poison.
Jewellery
 m - a +5 amulet of reflection (around neck)
 t - a ring of protection from magic (left hand)
 A - an uncursed ring of protection from cold
 C - the ring of Tuloeh (right hand) {rN+ MR++ Str+4 Int-4 SInv}
   (You bought it in a shop on level 2 of the Orcish Mines)

   [ring of positive energy]

   It affects your strength (+4).
   It affects your intelligence (-4).
   It protects you from negative energy.
   It affects your resistance to hostile enchantments.
   It lets you see invisible.
Wands
 x - a wand of confusion (32/48)
 y - a wand of acid (11/15)
 M - a wand of random effects (40/48)
 O - a wand of lightning (12/15)
 P - a wand of enslavement (8/24)
 S - a wand of slowing (33/48)
 T - a wand of iceblast (6/15)
Scrolls
 g - 2 scrolls of identify
 n - 9 scrolls of remove curse
 w - 3 scrolls of fog
 I - 3 scrolls of summoning
 J - 3 scrolls of fear
 Z - 3 scrolls of magic mapping
Potions
 d - 7 potions of flight
 i - 3 potions of lignification
 j - 5 potions of curing
 l - 8 potions of ambrosia
 p - 4 potions of resistance
 r - 2 potions of heal wounds
 s - 3 potions of cancellation
 U - 5 potions of agility
 Y - 4 potions of cure mutation
Miscellaneous
 a - a legendary deck of destruction {Venom, left: 3}
 h - an ornate deck of destruction {Vitriol, left: 4}
 q - an ornate deck of war {Repulsiveness, left: 1}
 u - a legendary deck of destruction {Venom, drawn: 5}
 v - a legendary deck of destruction {drawn: 5}
 B - an ornate deck of destruction
 D - a legendary deck of war {Water, left: 4}
 G - an ornate deck of war {Fortitude, left: 3}
 K - a fan of gales (inert)
 L - a stone of tremors (inert)
 N - a legendary deck of war {Fortitude, left: 1}
 Q - a sack of spiders
 R - a legendary deck of war {the Helm, left: 1}
 W - a plain deck of war
 X - a plain deck of war
Comestibles
 f - 18 bread rations
 k - 13 meat rations


   Skills:
 + Level 16.0 Fighting
 * Level 17.9 Polearms
 - Level 13.3 Armour
 + Level 5.8 Dodging
 - Level 16.5 Shields
 + Level 15.6 Evocations


You had 18 spell levels left.
You didn't know any spells.

Dungeon Overview and Level Annotations

Branches:
Dungeon (15/15)            Temple (0/1) D:7            Lair (8/8) D:8
 Shoals (4/4) Lair:4       Spider (4/4) Lair:5        Slime (0/6) Lair:8
    Orc (2/2) D:12            Elf (0/3) Orc:2        Vaults (0/5) D:14
 Depths (0/5) D:15

Altars:
Ashenzari
Cheibriados
Dithmenos
Elyvilon
Fedhas
Nemelex Xobeh
Okawaru
Pakellas
Ru
Sif Muna
Trog
Vehumet
Xom
Zin
The Shining One
Beogh

Shops:
D:6 }   D:11 [   D:13 =   Orc:1 *   Orc:2 *%*=

Annotations:
D:7 exclusion: oklob plant
Shoals:4 Aizul


Innate Abilities, Weirdness & Mutations

You are under a permanent stasis effect.
You can dig through walls and to a lower floor.
Your four strong arms can wield two-handed weapons with a shield.
You have a pair of large antennae on your head (SInv).


Message History

Your green very ugly thing resists with some effort.
You block the sea snake's attack.
The merfolk hits the satyr with a spear.
The griffon bites you!
* * * LOW HITPOINT WARNING * * *
The griffon pecks you but does no damage.
The griffon barely misses you.
The merfolk javelineer closely misses you.
The sea snake bites you.
* * * LOW HITPOINT WARNING * * *
The merfolk hits you but does no damage.
Your red ugly thing claws the merfolk!
The merfolk is engulfed in flames!!
A faun comes into view. It is wielding a club.
Drink which item? (? for menu, Esc to quit)
You feel much better.
You feel sick.
Your red ugly thing seems to regain its courage.
The water nymph gestures at you while chanting.
The water swirls and strikes you!
You die...
Your body glows with a rainbow of weird colours and disappears.

.........c≈≈≈≈≈≈≈≈..c
..........(≈≈≈≈≈≈≈...
.....(..((≈≈(≈≈≈c≈...
..........(≈.mccE.c..
......(.((c.c.Htmc...
≈≈≈$.([.(.(mcmSSmm...
≈≈........((cSSmc≈...
.......).()≈u@Hmm≈≈≈.
......(P..(mm≈(m≈≈≈≈≈
....%..P((.÷(u..≈≈≈≈≈
.......((..(≈÷..≈≈≈≈≈
...P.P....(.))...≈≈≈≈
...P..P[.......P.....
................P....
....P.P...PP.........
....P......../....[.


You could see Aizul, 2 merfolk impalers, 2 merfolk javelineers, a griffon, 4
satyrs, 3 sea snakes, a merfolk aquamancer, a snapping turtle (roused), 5
merfolk, 8 fauns, a water elemental, a siren (roused), a water nymph (roused), a
hippogriff (roused), a friendly green very ugly thing and a friendly red ugly
thing.

Vanquished Creatures
  Kirke (Lair:6)
  A kraken (Shoals:3)
  Agnes (D:15)
  9 emperor scorpions
  A ghost moth (Spider:4)
  Azrael (Spider:1)
  A merfolk javelineer (Shoals:3)
  The ghost of mordain23 the Blocker, a journeyman MiFi of Qazlal (D:12)
  5 merfolk impalers
  The ghost of Guenter the Cleaver, a journeyman FoFi of Okawaru (D:12)
  A fire dragon (D:15)
  Josephine (D:13)
  Harold (D:10)
  An entropy weaver (Spider:4)
  6 hydras
  4 centaur warriors
  A merfolk avatar (Shoals:1)
  An alligator snapping turtle (Shoals:3)
  A merfolk aquamancer (Shoals:3)
  A death knight (D:13)
  A deep troll shaman (Lair:8)
  6 death yaks
  4 orc high priests (Orc:1)
  A deep elf knight (D:14)
  A skeletal warrior (D:14)
  2 unseen horrors (D:14)
  8 sea snakes
  6 orc knights
  A phantasmal warrior (D:13)
  2 hill giants
  17 harpies
  8 orc sorcerers
  34 wolf spiders
  A necromancer (D:15)
  3 deep elf magi
  15 orb spiders
  6 cyclopes
  5 fauns
  8 griffons
  A salamander (shapeshifter) (D:15)
  3 wizards (D:15)
  3 hornets
  2 oklob plants (Lair:4)
  8 ugly things
  8 manticores
  20 elephants
  Maurice (D:11)
  6 black mambas
  4 water nymphs
  3 ice statues
  3 sirens
  4 gargoyles
  9 centaur skeletons
  A molten gargoyle (Volcano)
  A torpor snail (Spider:1)
  13 spiny frogs
  16 komodo dragons
  8 ice devils (IceCv)
  2 yaktaurs (D:14)
  A kobold demonologist (D:14)
  5 rime drakes
  An efreet (D:13)
  18 jumping spiders
  17 demonic crawlers
  3 polar bears
  2 harpy zombies (Shoals:4)
  10 trolls
  28 blink frogs
  15 merfolk
  A two-headed ogre (D:10)
  5 slime creatures
  A wind drake (Shoals:1)
  A harpy skeleton (D:15)
  A griffon zombie (Shoals:4)
  A snapping turtle (Shoals:1)
  2 boulder beetles
  Sigmund (D:2)
  75 redbacks
  2 spriggans
  4 wraiths (D:13)
  5 water elementals
  2 shadows (D:14)
  38 yaks
  A vampire (D:12)
  A wyvern (Lair:6)
  34 tarantellas
  A hog (Lair:6)
  5 basilisks
  A fire elemental (Volcano)
  3 vampire mosquitoes (D:14)
  5 hungry ghosts
  16 hippogriffs
  A warg (D:12)
  32 water moccasins
  3 hell hounds (Spider:1)
  A soldier ant (D:12)
  10 porcupines
  A water moccasin (shapeshifter) (D:9)
  25 orc warriors
  4 sky beasts
  2 ice beasts
  4 wasps (Spider:1)
  6 black bears
  A necrophage (D:11)
  8 ogres
  15 wolves
  14 centaurs
  19 crocodiles
  3 big kobolds
  Blork the orc (D:6)
  23 giant frogs
  8 scorpions
  A water moccasin zombie (D:5)
  2 wyvern skeletons
  8 killer bees
  8 wights
  4 electric eels
  2 howler monkeys
  6 crimson imps
  10 jellies
  A lava snake (Lair:8)
  5 centaur zombies
  3 quasits
  2 giant frog zombies
  17 orc wizards
  20 orc priests
  5 giant frog skeletons
  3 hounds
  11 iguanas
  11 hell rats (Lair:2)
  10 worker ants
  23 sheep
  2 hound zombies
  3 hound skeletons
  2 worker ant zombies
  9 gnolls
  85 river rats
  33 adders
  A shadow imp (D:11)
  11 white imps (IceCv)
  3 ufetubi (IceCv)
  17 oozes
  An adder skeleton (D:5)
  4 worms
  4 dart slugs
  5 giant geckos
  63 orcs
  2 ball pythons (D:3)
  3 giant cockroaches
  10 goblins
  9 hobgoblins
  13 jackals
  10 kobolds
  6 quokkas
  6 bats
  2 giant gecko skeletons
  4 giant newts
  A jackal zombie (D:7)
  23 rats
  A bush (D:15)
  18 plants
  4 tentacles (Shoals:3)
1279 creatures vanquished.

Vanquished Creatures (collateral kills)
  Gastronok (D:11)
  An emperor scorpion (Spider:4)
  A spark wasp (Spider:4)
  A merfolk javelineer (Shoals:4)
  A merfolk impaler (Shoals:1)
  3 hydras
  2 catoblepae
  6 death yaks
  Nergalle (Lair:3)
  A hill giant (D:12)
  A phantasmal warrior (D:13)
  A lindwurm (Lair:8)
  2 harpies (Shoals:3)
  4 orb spiders
  A faun (Shoals:3)
  3 wolf spiders
  A cyclops (D:11)
  A moth of wrath (Spider:4)
  10 ugly things
  2 sirens (Shoals:1)
  4 elephants (Lair:7)
  A black mamba (Lair:7)
  A water nymph (Shoals:2)
  A demonic crawler (Spider:3)
  A freezing wraith (D:13)
  4 merfolk
  6 jumping spiders
  A polar bear (Lair:4)
  3 harpy zombies (Shoals:4)
  A blink frog (Lair:7)
  A snapping turtle (Lair:4)
  9 redbacks
  A wraith (D:13)
  3 yaks (Lair:6)
  A water elemental (Shoals:4)
  2 hippogriffs
  A hungry ghost (D:8)
  4 tarantellas
  A porcupine (Lair:7)
  7 wolves
  4 centaurs
  A crocodile (Lair:7)
  A giant frog (D:9)
  A scorpion (Spider:1)
  A hippogriff zombie (Shoals:4)
  3 wights
  An electric eel (Lair:4)
  An iguana (D:12)
  A worker ant (D:11)
  An adder (D:8)
  4 river rats (Lair:7)
  A giant gecko (D:10)
  An orc (D:8)
  A fungus (Lair:6)
119 creatures vanquished.

Vanquished Creatures (others)
  Arachne (Spider:4)
  Nessos (Orc:2)
  A satyr (Shoals:3)
  5 fauns
  A yaktaur (D:14)
  A jumping spider (Spider:1)
  2 blink frogs (Lair:8)
  A tarantella (Spider:4)
  2 humans (Lair:6)
  A hell hound (Spider:1)
  A wasp (Spider:1)
  3 centaurs
  2 orc priests
  An orc wizard (D:4)
  A river rat (Lair:8)
  2 white imps (IceCv)
  An ufetubus (IceCv)
  2 kobolds (D:13)
  A bush (D:15)
  36 fungi
  25 plants
  4 tentacles (Shoals:3)
  372 tentacle segments (Shoals:3)
467 creatures vanquished.

Grand Total: 1865 creatures vanquished

Notes
Turn   | Place    | Note
--------------------------------------------------------------
     0 | D:1      | Svalin the Formicid Fighter began the quest for the Orb.
     0 | D:1      | Reached XP level 1. HP: 18/18 MP: 1/1
   123 | D:1      | Reached XP level 2. HP: 24/24 MP: 2/2
   529 | D:1      | Reached skill level 3 in Polearms
   546 | D:1      | Reached XP level 3. HP: 29/29 MP: 3/3
  1264 | D:2      | Reached skill level 4 in Polearms
  1264 | D:2      | Reached XP level 4. HP: 24/35 MP: 4/4
  1619 | D:2      | Noticed Sigmund
  1634 | D:2      | Killed Sigmund
  1634 | D:2      | Reached skill level 6 in Polearms
  1634 | D:2      | Reached XP level 5. HP: 10/41 MP: 5/5
  1634 | D:2      | Reached XP level 6. HP: 11/47 MP: 6/6
  1969 | D:2      | Found a blossoming altar of Fedhas.
  2078 | D:2      | Upgraded the game from 0.18-a0-1548-g1f2e0e3 to 0.18-a0-1552-g31ec302
  2899 | D:3      | Reached XP level 7. HP: 47/52 MP: 7/7
  3449 | D:3      | Reached skill level 7 in Polearms
  3524 | D:3      | Found a bloodstained altar of Trog.
  4836 | D:4      | Found a sacrificial altar of Ru.
  4951 | D:4      | Found a sparkling altar of Nemelex Xobeh.
  4955 | D:4      | Became a worshipper of Nemelex Xobeh the Trickster
  4963 | D:4      | Found a radiant altar of Vehumet.
  4970 | D:4      | Found a shattered altar of Ashenzari.
  4975 | D:4      | Found a deep blue altar of Sif Muna.
  4982 | D:4      | Found a glowing silver altar of Zin.
  4987 | D:4      | Found a glowing golden altar of the Shining One.
  4998 | D:4      | Found a blossoming altar of Fedhas.
  5095 | D:5      | Entered Level 5 of the Dungeon
  5358 | D:5      | Reached XP level 8. HP: 61/61 MP: 8/8
  5426 | D:5      | Received a gift from Nemelex Xobeh
  5433 | D:5      | Found a white marble altar of Elyvilon.
  5575 | D:5      | Reached skill level 5 in Shields
  5575 | D:5      | Reached skill level 1 in Evocations
  5964 | D:5      | Reached skill level 5 in Fighting
  5964 | D:5      | Reached skill level 8 in Polearms
  6535 | D:6      | Noticed Blork the orc
  6543 | D:6      | Killed Blork the orc
  6873 | D:6      | Reached * piety under Nemelex Xobeh
  6896 | D:6      | Found an iron altar of Okawaru.
  6910 | D:6      | Reached XP level 9. HP: 68/68 MP: 11/11
  7362 | D:6      | Found Tuibanogh's Gadget Boutique.
  7913 | D:7      | Found a shadowy altar of Dithmenos.
  7913 | D:7      | Found a shimmering altar of Xom.
  7914 | D:7      | Found a snail-covered altar of Cheibriados.
  8011 | D:7      | Reached skill level 9 in Polearms
  8048 | D:7      | Found a staircase to the Ecumenical Temple.
  8508 | D:7      | Noticed an oklob plant
  9269 | D:8      | Found a staircase to the Lair.
  9398 | D:8      | Reached XP level 10. HP: 56/77 MP: 13/13
  9529 | D:8      | Reached skill level 5 in Evocations
  9747 | D:9      | Reached skill level 10 in Polearms
 10049 | D:9      | Found a sparkling altar of Nemelex Xobeh.
 10322 | D:9      | Received a gift from Nemelex Xobeh
 10331 | D:9      | Found an oddly glowing altar of Pakellas.
 10336 | D:9      | Reached ** piety under Nemelex Xobeh
 10758 | D:10     | Entered Level 10 of the Dungeon
 11231 | D:10     | Received a gift from Nemelex Xobeh
 11639 | D:10     | Noticed Harold
 11673 | D:10     | Killed Harold
 11784 | D:10     | Reached *** piety under Nemelex Xobeh
 11805 | D:10     | Reached skill level 11 in Polearms
 11832 | D:10     | Reached XP level 11. HP: 72/86 MP: 15/15
 12194 | D:10     | Received a gift from Nemelex Xobeh
 13118 | D:10     | Received a gift from Nemelex Xobeh
 13369 | D:10     | Noticed a cyclops
 13400 | D:10     | Killed a cyclops
 13709 | D:11     | Found Zeruh's Antique Armour Emporium.
 13746 | D:11     | Noticed a cyclops
 13768 | D:11     | Killed a cyclops
 13929 | D:11     | Noticed Gastronok
 13955 | D:11     | Killed Gastronok
 13955 | D:11     | Reached skill level 10 in Shields
 14186 | D:11     | Reached skill level 5 in Armour
 14317 | D:10     | Noticed a catoblepas
 14339 | D:10     | Killed a catoblepas
 14339 | D:10     | Reached skill level 12 in Polearms
 14339 | D:10     | Reached XP level 12. HP: 36/95 MP: 17/17
 14918 | D:11     | Noticed Maurice
 14942 | D:11     | Killed Maurice
 17389 | D:12     | Found a staircase to the Orcish Mines.
 17405 | D:11     | Reached skill level 10 in Fighting
 17626 | D:12     | Noticed Guenter's ghost (journeyman FoFi)
 17895 | D:12     | Killed Guenter's ghost
 18958 | D:12     | Received a gift from Nemelex Xobeh
 19147 | D:11     | Reached XP level 13. HP: 86/103 MP: 19/19
 19490 | D:12     | Noticed mordain23's ghost (journeyman MiFi)
 19689 | D:12     | Killed mordain23's ghost
 19945 | D:12     | Reached **** piety under Nemelex Xobeh
 20780 | D:13     | Found Ruthreh's Jewellery Boutique.
 20783 | D:13     | Bought a +5 amulet of reflection for 400 gold pieces
 20800 | D:12     | Upgraded the game from 0.18-a0-1552-g31ec302 to 0.18-a0-1553-g6621715
 20802 | Orc:1    | Entered Level 1 of the Orcish Mines
 21152 | D:12     | HP: 5/104 [smoke demon/ball of steam[an orc sorcerer] (18)]
 21153 | D:12     | Reached skill level 13 in Polearms
 21679 | Orc:1    | Reached skill level 10 in Evocations
 22009 | Orc:1    | Received a gift from Nemelex Xobeh
 22035 | Orc:1    | Found a roughly hewn altar of Beogh.
 22516 | Orc:1    | Found Iclil's General Store.
 22526 | Orc:1    | Bought a potion of curing for 39 gold pieces
 22526 | Orc:1    | Bought a scroll of identify for 26 gold pieces
 22526 | Orc:1    | Bought a scroll of enchant weapon for 97 gold pieces
 22526 | Orc:1    | Bought a potion of heal wounds for 65 gold pieces
 22608 | Orc:2    | Entered Level 2 of the Orcish Mines
 22608 | Orc:2    | Noticed Nessos
 22636 | Orc:2    | Killed Nessos
 23266 | Orc:2    | Found a staircase to the Elven Halls.
 23268 | Orc:2    | Received a gift from Nemelex Xobeh
 23846 | Orc:1    | Reached XP level 14. HP: 46/113 MP: 21/21
 24108 | Orc:2    | Found Jukhlokh's Jewellery Boutique.
 24499 | Orc:2    | Found Getzom's Assorted Antiques.
 24500 | Orc:2    | Found Suibrid's Food Emporium.
 24500 | Orc:2    | Found Jogeng Buta's Assorted Antiques.
 24534 | Orc:2    | Bought a green potion for 26 gold pieces
 24534 | Orc:2    | Bought a potion of heal wounds for 145 gold pieces
 24536 | Orc:2    | Bought a scroll labeled DESEUC COMIEM for 31 gold pieces
 24536 | Orc:2    | Bought a glittering marble ring for 155 gold pieces
 24547 | Orc:2    | Identified the ring of Tuloeh {rN+ MR++ Str+4 Int-4 SInv} (You bought it in a shop on level 2 of the Orcish Mines)
 25341 | Lair:1   | Entered Level 1 of the Lair of Beasts
 26098 | Lair:1   | Received a gift from Nemelex Xobeh
 26745 | Lair:1   | Received a gift from Nemelex Xobeh
 27087 | Lair:2   | Reached ***** piety under Nemelex Xobeh
 27572 | Lair:2   | Received a gift from Nemelex Xobeh
 28871 | Lair:3   | Noticed Nergalle
 28901 | Lair:3   | Killed Nergalle
 29055 | Lair:3   | Received a gift from Nemelex Xobeh
 29131 | Lair:3   | Upgraded the game from 0.18-a0-1553-g6621715 to 0.18-a0-1555-g5ad112d
 29307 | Lair:3   | Reached skill level 14 in Polearms
 29307 | Lair:3   | Reached skill level 10 in Armour
 29597 | Lair:3   | Received a gift from Nemelex Xobeh
 30105 | Lair:4   | Reached XP level 15. HP: 121/121 MP: 23/23
 30313 | Lair:4   | Found a staircase to the Shoals.
 30524 | Lair:4   | Received a gift from Nemelex Xobeh
 30998 | Lair:5   | Found a hole to the Spider Nest.
 31096 | Lair:5   | Received a gift from Nemelex Xobeh
 31193 | Lair:5   | Reached ****** piety under Nemelex Xobeh
 31253 | Lair:5   | Found a dark tunnel.
 31261 | Volcano  | Entered a volcano
 31301 | Volcano  | Received a gift from Nemelex Xobeh
 32043 | Lair:5   | Received a gift from Nemelex Xobeh
 32320 | Lair:6   | Noticed Kirke
 32343 | Lair:6   | Killed Kirke
 32512 | Lair:6   | Received a gift from Nemelex Xobeh
 33920 | Lair:7   | Received a gift from Nemelex Xobeh
 34512 | Lair:7   | Received a gift from Nemelex Xobeh
 34669 | Lair:7   | Reached XP level 16. HP: 96/131 MP: 25/25
 34898 | Lair:8   | Entered Level 8 of the Lair of Beasts
 35435 | Lair:8   | Received a gift from Nemelex Xobeh
 35497 | Lair:8   | Found a staircase to the Slime Pits.
 35957 | Lair:8   | Received a gift from Nemelex Xobeh
 36210 | Lair:8   | Identified the Collected Works on the Traveller and Confrontation
 37181 | D:13     | Received a gift from Nemelex Xobeh
 37190 | D:13     | Reached skill level 15 in Polearms
 37352 | D:13     | Noticed Josephine
 37359 | D:13     | Killed Josephine
 37634 | D:13     | Reached skill level 15 in Shields
 38256 | D:14     | Received a gift from Nemelex Xobeh
 39034 | D:14     | Found a glowing golden altar of the Shining One.
 39259 | D:14     | Received a gift from Nemelex Xobeh
 39449 | D:14     | Reached XP level 17. HP: 128/139 MP: 27/27
 39489 | D:14     | Found a gate to the Vaults.
 39517 | D:15     | Entered Level 15 of the Dungeon
 39876 | D:15     | Received a gift from Nemelex Xobeh
 39964 | D:15     | Found a frozen archway.
 39980 | IceCv    | Entered an ice cave
 40826 | D:15     | Received a gift from Nemelex Xobeh
 40942 | D:15     | Noticed Agnes
 40955 | D:15     | Killed Agnes
 41388 | D:15     | Found a staircase to the Depths.
 41662 | Spider:1 | Entered Level 1 of the Spider Nest
 42562 | Spider:1 | Noticed Azrael
 42579 | Spider:1 | Killed Azrael
 43243 | Spider:1 | Received a gift from Nemelex Xobeh
 43934 | Spider:1 | Received a gift from Nemelex Xobeh
 44550 | Spider:2 | Reached skill level 16 in Polearms
 44553 | Spider:2 | Reached XP level 18. HP: 67/147 MP: 28/28
 45076 | Spider:2 | Received a gift from Nemelex Xobeh
 45804 | Spider:3 | Received a gift from Nemelex Xobeh
 46363 | Spider:3 | Got a pair of transparent gloves
 46374 | Spider:3 | Identified the cursed -7 pair of gloves of the Game of Kings {-Cast MR+ Str+4 Int+2} (You found it on level 3 of the Spider Nest)
 46544 | Spider:4 | Entered Level 4 of the Spider Nest
 46547 | Spider:4 | Received a gift from Nemelex Xobeh
 46798 | Spider:4 | Reached skill level 1 in Dodging
 46831 | Spider:4 | Reached skill level 15 in Fighting
 47180 | Spider:4 | Noticed Arachne
 47191 | Spider:4 | Killed Arachne
 48780 | Spider:4 | Reached skill level 15 in Evocations
 48857 | Spider:4 | Received a gift from Nemelex Xobeh
 48938 | Spider:4 | Got a gossamer rune of Zot
 49367 | Lair:1   | Upgraded the game from 0.18-a0-1555-g5ad112d to 0.18-a0-1559-g283e520
 49416 | Shoals:1 | Entered Level 1 of the Shoals
 49462 | Shoals:1 | Reached skill level 17 in Polearms
 49472 | Shoals:1 | Reached XP level 19. HP: 155/155 MP: 30/30
 49727 | Shoals:1 | Received a gift from Nemelex Xobeh
 49999 | Shoals:1 | Found a runed door.
 50385 | Shoals:2 | Received a gift from Nemelex Xobeh
 51162 | Shoals:2 | Received a gift from Nemelex Xobeh
 51485 | D:11     | Bought a brightly glowing plate armour for 868 gold pieces
 51495 | D:11     | Identified the +2 plate armour of Seuvid {rPois Dex+6} (You bought it in a shop on level 11 of the Dungeon)
 51555 | D:13     | Bought an uncursed ring of protection from magic for 400 gold pieces
 52134 | Shoals:3 | Received a gift from Nemelex Xobeh
 52248 | Shoals:3 | Reached skill level 5 in Dodging
 52444 | Shoals:3 | Received a gift from Nemelex Xobeh
 53370 | Shoals:3 | Received a gift from Nemelex Xobeh
 53483 | Shoals:4 | Entered Level 4 of the Shoals
 53791 | Shoals:4 | Noticed Aizul
 53798 | Shoals:4 | HP: 6/157 [sea snake (4)]
 53799 | Shoals:4 | Killed from afar by a water nymph

Vault maps used:
D:1:      dpeg_arrival_leaves_temple_mockup
D:2:      fedhas_altar_1, uniq_sigmund
D:3:      bloody_trog
D:4:      grunt_temple_overflow_octagram, first_bread, nicolae_ru_awakened_eye
D:5:      lemuel_doored_altar, minmay_door_square
D:6:      okawaru_gym_becter, serial_shops, shop, uniq_blork_the_orc
D:7:      lemuel_slime, gammafunk_temple_overflow_claw, temple_doors_e
D:8:      lair_0_dummy, the_bakery
D:9:      grunt_pakellas_basics, nemelex_spade_bored_becter
D:10:     uniq_harold
D:11:     lemuel_reptile_caves, serial_shops, shop_statue, uniq_maurice,
          uniq_gastronok
D:12:     orc_0_dummy, serial_bayou_lagoon_a
D:13:     serial_shops, nicolae_shop_behind_doors, uniq_josephine
D:14:     hangedman_vaults_entry_quadrant_bands, tso_metal_star
D:15:     grunt_enter_depths_magical_seal, minmay_hedge_maze,
          portal_ice_cave_entry_ice_statue_01, uniq_agnes
Lair:2:   lemuel_ratsnest
Lair:3:   uniq_nergalle
Lair:4:   minmay_lair_oklob_chamber, minmay_shoals_entry_hut,
          serial_bayou_pond_c, grunt_megastairs_2
Lair:5:   spider_nest_entry_a, nicolae_volcano_entry_hallway,
          grunt_forest_stairs_clearing, serial_bayou_shore_b, grunt_megastairs_5
Lair:6:   uniq_kirke
Lair:7:   serial_bayou_shore_b, lemuel_fruit_fields, serial_bayou_shore_a,
          grunt_megastairs_3
Lair:8:   grunt_lair_end_beastmaster, nicolae_slime_entry_slimehenge,
          minivault_26, guppyfry_lair_drakes
Shoals:1: lightli_airlock
Shoals:4: shoals_end_grunt_garden, shoals_ilsuiw_alternative,
          nicolae_shoals_undead_eyrie, uniq_aizul
Spider:1: spiders_nest_scorpion_pit, uniq_azrael
Spider:3: spider_trap, nicolae_spider_cling_halls
Spider:4: grunt_spider_rune_circles, uniq_arachne
Orc:1:    basic_altar, serial_shops, shop
Orc:2:    st_orc_elflike, uniq_nessos
IceCv:    ice_cave_small_demon
Volcano:  volcano_overflow

Skill      XL: |  1  2  3  4  5  6  7  8  9 10 11 12 13 14 15 16 17 18 19 |
---------------+----------------------------------------------------------+-----
Polearms       | 3 4 6 7 8 9 11 12 13 14 15 16 17 | 17.9
Shields        | 4 5 7 8 10 11 12 13 14 15 16 | 16.5
Fighting       | 4 5 6 7 9 10 11 12 13 14 15 16 | 16.0
Evocations     | 3 4 6 7 9 10 11 12 13 14 15 | 15.6
Armour         | 5 6 8 10 11 12 13 | 13.3
Dodging        | 4 5 |  5.8

Action                   |  1- 3 |  4- 6 |  7- 9 | 10-12 | 13-15 | 16-18 | 19-21 || total
-------------------------+-------+-------+-------+-------+-------+-------+-------++-------
Melee: Trident           |    77 |   108 |   602 |   641 |    83 |       |       ||  1511
       Halberd           |       |       |       |   343 |   609 |    98 |       ||  1050
       Glaive            |       |       |       |       |  1227 |   547 |       ||  1774
       Bardiche          |       |       |       |       |       |   951 |   351 ||  1302
Invok: Stack Five        |       |       |       |       |       |     5 |     2 ||     7
 Abil: Dig               |       |       |       |     8 |    11 |    11 |     1 ||    31
Evoke: Deck              |       |       |     8 |    19 |    24 |    63 |    40 ||   154
       Wand              |       |       |     1 |    16 |    13 |     2 |       ||    32
       Stone of tremors  |       |       |       |       |     2 |       |     1 ||     3
       Fan of gales      |       |       |       |       |       |     1 |     1 ||     2
  Use: Potion            |       |     1 |     1 |     3 |     5 |     6 |     5 ||    21
       Scroll            |       |    11 |     5 |    12 |    18 |    18 |     4 ||    68
 Stab: Distracted        |       |       |     1 |       |     4 |     3 |     1 ||     9
       Confused          |       |       |       |    12 |       |       |       ||    12
       Invisible         |       |       |       |     3 |       |       |       ||     3
       Paralysed         |       |       |       |       |       |     2 |       ||     2
  Eat: Chunk             |     1 |     5 |    17 |    26 |    38 |    29 |    10 ||   126
       Beef jerky        |       |       |     2 |     1 |       |     6 |       ||     9
       Pizza             |       |       |     1 |     2 |       |     7 |       ||    10
       Meat ration       |       |       |       |     1 |     3 |       |     1 ||     5
       Fruit             |       |       |       |       |     2 |     2 |       ||     4
       Bread ration      |       |       |       |       |       |     1 |       ||     1
